 Dungeon Crawl Stone Soup version 0.21-a0-258-g4c0eb85 (console) character file.

7657 Mandevil the Quickloader (level 11, 0/71 HPs)
             Began as a Human Hunter on Sept 6, 2017.
             Was an Elder of Okawaru.
             Succumbed to a killer bee's poison
             ... on level 10 of the Dungeon.
             The game lasted 00:51:09 (13360 turns).

Mandevil the Quickloader (Human Hunter)            Turns: 13360, Time: 00:51:10

Health: 0/71       AC:  8    Str: 15    XL:     11   Next: 41%
Magic:  2/17       EV: 16    Int: 12    God:    Okawaru [****..]
Gold:   71         SH:  0    Dex: 14    Spells: 10/10 levels left

rFire    . . .     SeeInvis .   a - +1 trident (flame)
rCold    . . .     Gourm    +   (no shield)
rNeg     . . .     Faith    .   t - +3 leather armour
rPois    .         Spirit   +   (no helmet)
rElec    .         Reflect  .   y - scarf {Spirit}
rCorr    .         Harm     .   m - +0 pair of gloves
MR       .....                  (no boots)
Stlth    +++.......             H - amulet of the gourmand
HPRegen  0.21/turn              (no ring)
MPRegen  0.15/turn              (no ring)

@: lethally poisoned (0 -> -29), heroism, very slightly contaminated
A: frail 2, shaggy fur 1
a: Heroism, Renounce Religion


You were on level 10 of the Dungeon.
You worshipped Okawaru.
Okawaru was greatly pleased with you.
You were completely stuffed.

You visited 2 branches of the dungeon, and saw 11 of its levels.

You collected 101 gold pieces.
You spent 30 gold pieces at shops.

Inventory:

Hand Weapons
 a - a +1 trident of flaming (weapon)
 b - a +2 hand crossbow of freezing
 c - a +3 spear of freezing
 h - a +2 short sword of draining
 r - a +0 arbalest
 D - a +0 dagger of holy wrath
 E - a +0 glaive of chopping
Missiles
 d - 91 bolts
Armour
 m - a +0 pair of gloves (worn)
 t - a +3 leather armour (worn)
 y - a scarf of spirit shield (worn)
Jewellery
 C - an uncursed amulet of guardian spirit
 H - an amulet of the gourmand (around neck)
Wands
 o - a wand of polymorph (0/24)
 u - a wand of lightning (7/15)
 v - a wand of flame (16/48)
Scrolls
 i - 2 scrolls of blinking
 l - 3 scrolls of remove curse
 p - 5 scrolls of teleportation
 F - a scroll of magic mapping
 G - a scroll of identify
 I - a scroll of amnesia
 J - a scroll of fog
Potions
 e - a potion of magic
 j - a potion of might
 q - a potion of haste
 z - 3 potions of mutation
 A - 2 potions of degeneration {unknown}
 L - a potion of invisibility
Books
 B - a book of Conjurations

   Spells                             Type                      Level
   a - Magic Dart                     Conjuration                  1
   b - Searing Ray                    Conjuration                  2
   c - Dazzling Spray                 Conjuration/Hexes            3
   d - Fulminant Prism                Conjuration/Hexes            4
   e - Force Lance                    Conjuration/Translocation    4
   f - Iskenderun's Mystic Blast      Conjuration                  4
Comestibles
 f - 8 bread rations
 g - 13 royal jellies
 k - 16 fruits
 n - 5 meat rations
 s - a chunk of flesh


   Skills:
 + Level 9.4(14.4) Fighting
 + Level 4.6(9.6) Polearms
 + Level 11.1(16.1) Crossbows
 - Level 2.0(7.0) Dodging
 - Level 1.0(6.0) Stealth
 - Level 9.2 Invocations


You had 10 spell levels left.
You didn't know any spells.

Dungeon Overview and Level Annotations

Branches:
Dungeon (10/15)            Temple (1/1) D:5            Lair (0/6) D:9
    Orc: D:9-12

Altars:
Cheibriados
Elyvilon
Fedhas
Kikubaaqudgha
Nemelex Xobeh
Okawaru
Sif Muna
Trog
The Shining One

Shops:
D:4 ?   D:8 }   D:9 *

Annotations:
D:9 Maurice


Innate Abilities, Weirdness & Mutations

You are very frail. (-20% HP)
You are covered in fur. (AC +1)


Message History

You hit the orc but do no damage.
The orc is heavily wounded.
* * * LOW HITPOINT WARNING * * *
You feel sick.
The centaur unwields an uncursed rapier.
The centaur wields a shortbow.
The centaur shoots an arrow.
The arrow hits you!
* * * LOW HITPOINT WARNING * * *
Okay, then.
Unknown command.
Blink to where?
Press: ? - help, Dir - move target cursor You are very lightly contaminated with residual magic.
As you read the scroll of blinking, it crumbles to dust.
* * * LOW HITPOINT WARNING * * *
You feel very sick.
The orc shouts!
The orc misses you.
It was a potion of mutation.
You feel extremely strange.
You feel frail. x2; Fur sprouts all over your body.
You die...

#...#.#
#.####.......>..._..
#####.# #.#
########....... ..# #.#
#....... ### #.# ########
#.# # #0# # #%#####
############
##.oo..###...........
#...p......##########
######)##### #.# #.#
########## #.# #.........
## ### ##.## #.########
#. #.#####...####)#
###.##. #...........##.#
(......###...###...#.##.#


You could see 2 orcs.

Vanquished Creatures
  A yaktaur captain (D:9)
  A two-headed ogre (D:8)
  2 trolls (D:9)
  Prince Ribbit (D:8)
  3 hornets (D:8)
  Grinder (D:6)
  3 hippogriffs
  A steam dragon (D:9)
  A soldier ant (D:8)
  A water moccasin (D:5)
  An ice beast (D:9)
  2 orc warriors
  2 phantoms (D:6)
  A black bear (D:9)
  4 sky beasts
  3 ogres
  5 centaurs
  A crocodile (D:9)
  A gnoll sergeant (D:8)
  10 bullfrogs
  A scorpion (D:4)
  5 killer bees
  4 wights (D:8)
  A howler monkey (D:9)
  4 crimson imps
  A quasit (D:9)
  A bullfrog skeleton (D:6)
  An orc priest (D:8)
  4 hounds
  3 jellies
  A centaur skeleton (D:4)
  6 orc wizards
  2 iguanas
  7 worker ants
  2 hound skeletons
  A hound zombie (D:6)
  A worker ant zombie (D:6)
  A howler monkey zombie (D:9)
  5 gnolls
  17 adders
  2 adder zombies
  An adder skeleton (D:4)
  A worm (D:3)
  5 dart slugs
  10 leopard geckos
  33 orcs
  6 bats
  3 giant cockroaches
  13 goblins
  7 hobgoblins
  11 jackals
  6 kobolds
  6 quokkas
  2 ball pythons
  4 frilled lizards
  2 leopard gecko skeletons
  6 rats
231 creatures vanquished.

Notes
Turn   | Place    | Note
-------+----------+-------------------------------------------
     0 | D:1      | Mandevil the Human Hunter began the quest for the Orb.
     0 | D:1      | Reached XP level 1. HP: 16/16 MP: 1/1
    77 | D:1      | Reached XP level 2. HP: 22/23 MP: 2/2
   209 | D:1      | Reached XP level 3. HP: 7/28 MP: 3/3
   976 | D:2      | Reached XP level 4. HP: 25/35 MP: 4/4
  1960 | D:2      | Reached skill level 5 in Crossbows
  2256 | D:3      | Reached XP level 5. HP: 27/41 MP: 5/5
  3517 | D:4      | Reached XP level 6. HP: 41/48 MP: 6/6
  3815 | D:4      | Reached skill level 6 in Crossbows
  3922 | D:4      | Noticed an ogre
  3943 | D:4      | Killed an ogre
  3943 | D:4      | Reached skill level 5 in Fighting
  3943 | D:4      | Reached XP level 7. HP: 13/56 MP: 7/7
  4330 | D:4      | Found Cetwysergh's Magic Scroll Shoppe.
  4407 | D:5      | Entered Level 5 of the Dungeon
  4624 | D:5      | Found a staircase to the Ecumenical Temple.
  4637 | D:5      | Noticed a water moccasin
  4646 | D:5      | Killed a water moccasin
  4646 | D:5      | Reached skill level 7 in Crossbows
  4646 | D:5      | Reached XP level 8. HP: 47/64 MP: 8/8
  4653 | Temple   | Entered the Ecumenical Temple
  4666 | Temple   | Became a worshipper of Warmaster Okawaru
  4816 | D:5      | Reached skill level 1 in Invocations
  5969 | D:6      | Reached * piety under Okawaru
  5994 | D:6      | Reached skill level 8 in Crossbows
  6182 | D:6      | Reached XP level 9. HP: 72/72 MP: 11/11
  6283 | D:6      | Noticed Grinder
  6288 | D:6      | Killed Grinder
  6405 | D:6      | Found a blossoming altar of Fedhas.
  6504 | D:6      | Reached skill level 5 in Invocations
  6798 | D:6      | Reached ** piety under Okawaru
  7334 | D:7      | Reached skill level 9 in Crossbows
  7522 | D:8      | Noticed a hippogriff
  7543 | D:8      | Killed a hippogriff
  7604 | D:8      | Noticed a two-headed ogre
  7620 | D:8      | Killed a two-headed ogre
  7620 | D:8      | Reached XP level 10. HP: 50/82 MP: 10/15
  7843 | D:8      | Reached *** piety under Okawaru
  8196 | D:8      | Found Doenywod's Quality Used Wands.
  8346 | D:8      | Noticed Prince Ribbit
  8356 | D:8      | Killed Prince Ribbit
  8356 | D:8      | Received a gift from Okawaru
  8437 | D:8      | Paralysed by a hornet for 1 turns
  8732 | D:8      | Reached skill level 10 in Crossbows
  8737 | D:8      | Paralysed by a hornet for 2 turns
  8740 | D:8      | Paralysed by a hornet for 3 turns
  8746 | D:8      | HP: 2/83 [hornet (10)]
  8746 | D:8      | Paralysed by a hornet for 1 turns
  9709 | D:7      | Received a gift from Okawaru
  9841 | D:7      | Reached skill level 1 in Polearms
  9909 | D:7      | Reached **** piety under Okawaru
 10401 | D:9      | Reached XP level 11. HP: 32/89 MP: 9/17
 10602 | D:9      | Found a staircase to the Lair.
 10724 | D:9      | Noticed a yaktaur captain
 10750 | D:9      | Killed a yaktaur captain
 11075 | D:9      | Noticed Maurice
 11200 | D:9      | Received a gift from Okawaru
 11281 | D:9      | Reached skill level 11 in Crossbows
 11384 | D:9      | HP: 3/89 [steam dragon/ball of steam (12)]
 11809 | D:9      | Found Xint's Assorted Antiques.
 11819 | D:9      | Bought a scroll labeled HIDEBOITAH for 30 gold pieces
 12775 | D:10     | Entered Level 10 of the Dungeon
 12790 | D:10     | Found a blossoming altar of Fedhas.
 13271 | D:10     | Received a gift from Okawaru
 13359 | D:10     | HP: 2/89 [poisoned by a killer bee]
 13360 | D:10     | Gained mutation: You are frail. (-10% HP) [potion of mutation]
 13360 | D:10     | Gained mutation: You are very frail. (-20% HP) [potion of mutation]
 13360 | D:10     | Gained mutation: You are covered in fur. (AC +1) [potion of mutation]
 13360 | D:10     | Succumbed to a killer bee's poison

Vault maps used:
D:1:      dpeg_arrival_water_temple_mockup, minmay_quantized
D:3:      first_bread
D:4:      serial_shops, nicolae_shop_crystal
D:5:      minmay_temple_entry_overgrown
D:6:      marbit_many_paths, uniq_grinder
D:8:      lightli_ossuary_entry_decrepit_ruins, hangedman_decor_peaks_small,
          hangedman_pestilent_swarm, nicolae_for_you_no_charge,
          uniq_prince_ribbit1
D:9:      wad_statue_garden, lair_entry_dummy, serial_shops,
          nicolae_shop_temple_entry_statues_fountains, uniq_maurice
D:10:     david_orc_4, basic_altar, stair_cage_line, uniq_harold
Temple:   nicolae_temple_the_god_donut

Skill      XL: |  1  2  3  4  5  6  7  8  9 10 11 |
---------------+----------------------------------+-----
Fighting       | 3 4 5 7 8 9 |  9.4
Crossbows      | 5 6 7 8 9 10 11 | 11.1
Invocations    | 3 6 8 9 |  9.2
Polearms       | 2 4 |  4.6
Dodging        | |  2.0
Stealth        | |  1.0

Action                   |  1- 3 |  4- 6 |  7- 9 | 10-12 || total
-------------------------+-------+-------+-------+-------++-------
Melee: Short sword       |   125 |   265 |   211 |    69 ||   670
       Spear             |       |       |       |   299 ||   299
       Dagger            |       |       |       |    12 ||    12
       Trident           |       |       |       |    29 ||    29
 Fire: Hand crossbow     |     5 |     3 |   115 |    83 ||   206
Invok: Heroism           |       |       |       |     1 ||     1
Evoke: Wand              |       |       |     1 |    12 ||    13
  Use: Scroll            |       |     8 |     2 |    11 ||    21
       Potion            |       |       |     2 |    12 ||    14
 Stab: Sleeping          |     2 |     2 |     1 |     1 ||     6
       Distracted        |       |       |     1 |       ||     1
       Invisible         |       |       |     2 |     1 ||     3
  Eat: Chunk             |       |    10 |    12 |    32 ||    54
       Fruit             |       |       |       |     3 ||     3
Armor: Leather armour    |    37 |    60 |    89 |   123 ||   309
       Ring mail         |       |    39 |       |       ||    39
       Skin              |       |       |       |     6 ||     6
Dodge: Dodged            |    74 |   151 |   194 |   235 ||   654

Table legend:
 A = Spawn XP
 B = Non-spawn XP
 C = Spawn XP percentage of total XP
 D = Spawn monster count
 E = Non-spawn monster count
 F = Spawn count percentage of total count
 G = Total turns spent on level
                    A         B        C        D         E        F      G
               +---------+---------+-------+---------+---------+-------+---------
         Total |       0 |   10939 |   0.0 |       0 |     231 |   0.0 | 13360
               +---------+---------+-------+---------+---------+-------+---------
           D:1 |       0 |      59 |   0.0 |       0 |      31 |   0.0 |   895
           D:2 |       0 |      56 |   0.0 |       0 |      15 |   0.0 |  1193
           D:3 |       0 |     138 |   0.0 |       0 |      26 |   0.0 |  1395
           D:4 |       0 |     398 |   0.0 |       0 |      19 |   0.0 |   924
           D:5 |       0 |     659 |   0.0 |       0 |      10 |   0.0 |  1198
           D:6 |       0 |    1677 |   0.0 |       0 |      27 |   0.0 |  1461
           D:7 |       0 |     854 |   0.0 |       0 |      14 |   0.0 |   731
           D:8 |       0 |    3426 |   0.0 |       0 |      37 |   0.0 |  2716
           D:9 |       0 |    3300 |   0.0 |       0 |      46 |   0.0 |  2235
          D:10 |       0 |     372 |   0.0 |       0 |       6 |   0.0 |   585
               +---------+---------+-------+---------+---------+-------+---------
